 Dungeon Crawl Stone Soup version 0.30-a0-381-g6ea064c7b4 (webtiles) character file.

Game seed: 5849802721700903065

2503 lokiplouj the Cleaver (level 9, -23/82 HPs)
             Began as a Minotaur Berserker on Dec 1, 2022.
             Was a Plaything of Xom.
             Annihilated by a two-headed ogre
             ... wielding a +0 giant spiked club
             ... created by the rage of Trog
              (50 damage)
             ... on level 7 of the Dungeon.
             The game lasted 00:13:08 (6300 turns).

lokiplouj the Cleaver (Minotaur Berserker)          Turns: 6300, Time: 00:13:08

Health: -23/82     AC: 13    Str: 25 (27) XL:     9   Next: 28%
Magic:  8/8        EV: 13    Int:  4      God:    Xom [....*.]
Gold:   323        SH:  5    Dex:  9      Spells: 8/8 levels left

rFire   + . .      SeeInvis .    D - +1 flail (protect)
rCold   x . .      Faith    .    q - orb {*Rage}
rNeg    . . .      Spirit   .    i - +0 ring mail
rPois   .          Reflect  +    C - +0 hat
rElec   .          Harm     .    (no cloak)
rCorr   .          Rampage  .    (no gloves)
Will    .....      Rage     20%  (no boots)
Stlth   ..........               z - amulet of reflection
HPRegen 0.33/turn                u - ring of flight
MPRegen 0.11/turn                A - ring of fire

@: under a protective aura, on berserk cooldown, flying, slowed, very slow
A: horns 2, retaliatory headbutt
a: Renounce Religion


You were on level 7 of the Dungeon.
You worshipped Xom.
You were a beloved toy of Xom.
You visited 2 branches of the dungeon, and saw 8 of its levels.

You collected 323 gold pieces.

Inventory:

Hand Weapons
 a - a +0 hand axe
 D - a +1 flail of protection (weapon)
Missiles
 E - a throwing net
Armour
 b - a +0 animal skin
 i - a +0 ring mail (worn)
 q - an orb of wrath (worn)
 C - a +0 hat (worn)
Jewellery
 e - a ring of ice
 o - a ring of magical power
 u - a ring of flight (left hand)
 z - an amulet of reflection (around neck)
 A - a ring of fire (right hand)
Wands
 l - a wand of quicksilver (6)
 y - a wand of digging (10)
 J - a wand of mindburst (12) (quivered)
Scrolls
 c - a scroll of immolation
 g - 2 scrolls of enchant weapon
 h - 2 scrolls of brand weapon
 j - 2 scrolls of teleportation
 B - 2 scrolls of torment {unknown}
 F - a scroll of fear {unknown}
 G - a scroll of poison {unknown}
 H - a scroll of noise {unknown}
 I - 4 scrolls of blinking {unknown}
 K - a scroll of fog {unknown}
 M - a scroll of enchant armour {unknown}
 N - 3 scrolls of identify
Potions
 d - 3 potions of heal wounds
 f - 2 potions of berserk rage
 k - 5 potions of curing
 m - 2 potions of might {unknown}
 n - 3 potions of degeneration
 p - 2 potions of flight {unknown}
 r - a potion of magic {unknown}
 s - a potion of lignification {unknown}
 t - 2 potions of haste {unknown}
 v - a potion of mutation {unknown}
 w - a potion of ambrosia {unknown}
 x - a potion of brilliance {unknown}
 L - a potion of resistance {unknown}


   Skills:
 + Level 8.3 Fighting
 + Level 8.4 Axes
 + Level 7.9 Armour
 + Level 7.2 Dodging


You had 8 spell levels left.
You didn't know any spells.
Your spell library contained the following spells:

 Spells                   Type           Power      Damage    Failure   Level
 Blink                    Tloc           0%         N/A       77%         2
 Portal Projectile        Hex/Tloc       0%         N/A       94%         3
 Tukima's Dance           Hex            0%         N/A       94%         3
 Manifold Assault         Tloc           0%         N/A       100%        4
 Blade Hands              Tmut           0%         N/A       100%        5
 Storm Form               Tmut/Air       0%         N/A       100%        7


Dungeon Overview and Level Annotations

Branches:
Dungeon (7/15)             Temple (1/1) D:5

Altars:
Cheibriados
Dithmenos
Elyvilon
Fedhas
Gozag
Hepliaklqana
Kikubaaqudgha
Makhleb
Nemelex Xobeh
Okawaru
Qazlal
Ru
Sif Muna
Trog
Uskayaw
Vehumet
Wu Jian
Xom
Yredelemnul
Zin
The Shining One

Shops:
D:1 !   D:2 [   D:4 *


Innate Abilities, Weirdness & Mutations

You have a pair of horns on your head.
You reflexively headbutt those who attack you in melee.


Message History

You start resting.
You feel a strong urge to attack something.
You start resting.
You feel your anger nearly subside.
Calm down first, please.
No target in view!
Calm down first, please.
No target in view!
Calm down first, please.
You start resting.
You are no longer berserk.
You are exhausted.
You feel yourself slow down.
You start resting.
HP restored.
Trog sends monsters to punish you.
A two-headed ogre, a polar bear, an ogre and a black bear come into view.
You closely miss the polar bear.
There are monsters nearby!
You barely miss the polar bear. You headbutt the polar bear!
The polar bear is lightly wounded.
The polar bear closely misses you. You block the polar bear's attack.
The polar bear closely misses you. The ogre barely misses you.
You block the polar bear's attack. The polar bear claws you. x2
There are monsters nearby!
You hit the polar bear.
Your weapon exudes an aura of protection.
Your headbutt misses the polar bear.
The polar bear is moderately wounded.
The polar bear bites you! You block the polar bear's attack.
The polar bear misses you.
The two-headed ogre hits you with a +0 giant spiked club!!
The two-headed ogre hits you with a +0 giant club!!
You block the polar bear's attack.
The polar bear claws you but does no damage.
You block the polar bear's attack.
The two-headed ogre hits you with a +0 giant spiked club!!!
Ouch! That really hurt!
You die...
Xom snickers!

#.......<.#...##.#
#.........#...##.#
#......)).#...##[#
#.........#...##.#
#........)#...##.#
#.........'...+..#
......######...##.#
################.).#####
.....OO@hh..............
.#######################


You could see a two-headed ogre (berserk), a polar bear (berserk), a black bear
(berserk) and an ogre (berserk).

Vanquished Creatures
  3 ice beasts
  A sky beast (D:6)
  3 ogres
  2 black bears
  2 kobold brigands (D:7)
  A bullfrog (D:6)
  2 necrophages (D:5)
  2 scorpions
  10 wights
  A jelly (D:5)
  2 quasits (D:6)
  2 orc priests (D:4)
  A hound (D:5)
  A gnoll bouda (D:7)
  Jessica (D:2)
  5 iguanas
  12 gnolls
  7 adders
  5 shadow imps
  3 white imps (D:6)
  2 ufetubi
  A worm (D:2)
  4 dart slugs
  15 orcs
  5 ball pythons
  7 endoplasms
  6 giant cockroaches
  10 goblins
  7 hobgoblins
  8 jackals
  2 quokkas
  6 bats
  A frilled lizard (D:1)
  18 kobolds
  4 rats
162 creatures vanquished.

Vanquished Creatures (others)
  4 plants (D:1)
4 creatures vanquished.

Grand Total: 166 creatures vanquished

Notes
Turn   | Place    | Note
-------+----------+-------------------------------------------
     0 | D:1      | lokiplouj the Minotaur Berserker began the quest for the
                  | Orb.
     0 | D:1      | Reached XP level 1. HP: 19/19 MP: 0/0
   129 | D:1      | Reached XP level 2. HP: 24/27 MP: 1/1
   205 | D:1      | Found Zokletam's Distillery.
   368 | D:1      | Reached XP level 3. HP: 31/33 MP: 2/2
   605 | D:1      | Found a faded altar of an unknown god.
   692 | D:1      | Reached ** piety under Trog
   945 | D:2      | Reached XP level 4. HP: 35/41 MP: 3/3
  1006 | D:2      | Found Yduc's Antique Armour Emporium.
  1098 | D:2      | Noticed Jessica
  1105 | D:2      | Killed Jessica
  1466 | D:2      | Reached XP level 5. HP: 47/47 MP: 4/4
  2082 | D:4      | Found Fisobrer's General Store.
  2506 | D:4      | Reached *** piety under Trog
  2507 | D:4      | Reached skill level 5 in Fighting
  2507 | D:4      | Reached skill level 5 in Axes
  2513 | D:4      | Reached XP level 6. HP: 13/56 MP: 5/5
  2746 | D:4      | Found a stormy altar of Qazlal.
  3115 | D:5      | Entered Level 5 of the Dungeon
  3275 | D:5      | Found a staircase to the Ecumenical Temple.
  3285 | D:5      | Found a glowing drain.
  3332 | Temple   | Entered the Ecumenical Temple
  3746 | D:5      | Reached skill level 5 in Armour
  3802 | D:5      | Reached XP level 7. HP: 54/62 MP: 6/6
  4192 | D:5      | Reached skill level 5 in Dodging
  4299 | D:5      | Found a sparkling altar of Nemelex Xobeh.
  4725 | D:6      | Reached XP level 8. HP: 46/71 MP: 7/7
  5398 | D:6      | Found a shimmering altar of Xom.
  5427 | D:6      | Fell from the grace of Trog
  5427 | D:6      | Became a worshipper of Xom of Chaos
  5504 | D:6      | XOM: silly message
  5563 | D:6      | XOM: divination: magic mapping
  5595 | D:6      | XOM: potion effect (brilliance)
  5731 | D:7      | XOM: silly message
  5782 | D:7      | XOM: confuse monster(s)
  5787 | D:7      | Reached XP level 9. HP: 78/81 MP: 8/8
  5789 | D:7      | XOM: summons 2 friendly demons
  5928 | D:7      | Found a shimmering blue altar of Sif Muna.
  5984 | D:7      | XOM: 1-stop teleportation journey
  6135 | D:7      | Found a sacrificial altar of Ru.
  6225 | D:7      | Found an iron altar of Okawaru.
  6226 | D:7      | Found a basalt altar of Yredelemnul.
  6226 | D:7      | Found a white marble altar of Elyvilon.
  6298 | D:7      | Noticed a two-headed ogre
  6298 | D:7      | Noticed a polar bear
  6300 | D:7      | Annihilated by a two-headed ogre

Illustrated notes

Levels and vault maps discovered:
D:1:      co_arrival_random_square_maze, layout_basic, serial_shops, shop,
          hellmonk_ecumenical_altar_zigzags, serial_bayou_lagoon_b
D:2:      layout_loops_ring, serial_shops, nicolae_shop_overgrown_old_shop,
          uniq_jessica
D:3:      layout_rooms
D:4:      cheibrodos_quashed, layout_loops_ring, grunt_qazlal_clouds,
          serial_co_window_serial, co_window_paths_b,
          co_window_of_opportunity_a, co_window_cross_1, co_window_paths_a,
          co_window_paths_a, co_window_cross_3, co_window_corner_b,
          co_window_corner_ca, co_window_paths_e, co_window_paths_d,
          glass_columns_c, glass_columns_a, glass_columns_a, serial_shops, shop
D:5:      layout_gridville, nemelex_dance_club_becter,
          minmay_temple_entry_statues_pillars, cheibrodos_sewer_entry_drain,
          kennysheep_opposing_triangles
D:6:      layout_loops_ring, lemuel_tele_altar, serial_demonic,
          serial_demonic_d, serial_demonic_f, serial_demonic_c, serial_demonic_d
D:7:      layout_basic, kennysheep_mini_moat,
          chequers_temple_overflow_statue_of_worship, uniq_menkaure
Temple:   nicolae_temple_bog_church

Skill      XL: |  1  2  3  4  5  6  7  8  9 |
---------------+----------------------------+-----
Axes           | 4 5 6 7 8 |  8.4
Fighting       | 4 5 6 7 8 |  8.3
Armour         | 3 4 5 6 7 |  7.9
Dodging        | 3 4 5 6 7 |  7.2

Action                   |  1- 3 |  4- 6 |  7- 9 || total
-------------------------+-------+-------+-------++-------
Melee: Hand axe          |    86 |   110 |     5 ||   201
       Headbutt          |    12 |    20 |    22 ||    54
       Punch             |     1 |       |       ||     1
       Flail             |       |       |   146 ||   146
Invok: Berserk           |       |       |     1 ||     1
  Use: Scroll            |       |     7 |     1 ||     8
 Stab: Confused          |       |       |     1 ||     1
Armor: Animal skin       |    18 |       |       ||    18
       Ring mail         |     8 |    33 |    59 ||   100
Dodge: Dodged            |    45 |    67 |   134 ||   246
Block: Orb               |       |     9 |    55 ||    64
       Reflection        |       |       |     1 ||     1

Table legend: (Time is in decaauts)
 A = Elapsed time spent in this place.
 B = Non-inter-level travel time spent in this place.
 C = Inter-level travel time spent in this place.
 D = Time resting spent in this place.
 E = Time spent auto-exploring this place.
 F = Levels seen in this place.
 G = Mean time per level.
                   A        B        C        D        E       F      G
               +--------+--------+--------+--------+--------+-----+--------+
         Total |   6612 |   6008 |    604 |    838 |   4269 |   8 |  826.5 |
       Dungeon |   6266 |   5893 |    373 |    838 |   4165 |   7 |  895.1 |
        Temple |    346 |    115 |    231 |      0 |    104 |   1 |  346.0 |
               +--------+--------+--------+--------+--------+-----+--------+

Top non-repeatable levels by time:
     D:5: 1321 daAuts
     D:4: 1111 daAuts
     D:6: 1104 daAuts
     D:1: 840 daAuts
     D:2: 803 daAuts
     D:7: 656 daAuts
     D:3: 429 daAuts
  Temple: 346 daAuts
